 Dungeon Crawl Stone Soup version 0.31-a0-995-g04711c9635 (webtiles) character file.

Game seed: 18389389566159480275

8604 BritishOli the Fighter (level 11, -2/95 HPs)
             Began as a Demonspawn Fighter on Nov 6, 2023.
             Was a Believer of Makhleb.
             Slain by a hornet (10 damage)
             ... on level 10 of the Dungeon.
             The game lasted 00:13:11 (8187 turns).

BritishOli the Fighter (Demonspawn Fighter)         Turns: 8187, Time: 00:13:11

Health: -2/95      AC: 17    Str: 26    XL:     11   Next: 12%
Magic:  11/11      EV: 10    Int: 10    God:    Makhleb [**....]
Gold:   270        SH:  5    Dex: 13    Spells: 10/10 levels left

rFire   . . .        a - +0 war axe
rCold   . . .        c - +0 buckler
rNeg    . . .        A - +0 ring mail of Optimism {Str+5 Dex-5}
rPois   .            t - +0 hat
rElec   .            I - +2 cloak
rCorr   .            (no gloves)
SInv    .            (no boots)
Will    .....        m - amulet of regeneration
Stlth   +            f - +6 ring of dexterity
HPRegen 1.15/turn    h - +4 ring of protection
MPRegen 0.12/turn

%: no passive effects
@: mighty, lethally poisoned (-2 -> -2), studying Unarmed Combat
A: hooves 2, thin metallic scales 2, foul stench 1
a: Renounce Religion, Minor Destruction


You were on level 10 of the Dungeon.
You worshipped Makhleb.
Makhleb was pleased with you.
You visited 2 branches of the dungeon, and saw 11 of its levels.
You also visited: Sewer.

You collected 465 gold pieces.
You spent 195 gold pieces at shops.

Inventory:

Hand Weapons
 a - a +0 war axe (weapon)
 H - the +3 dagger of the Nine Scars {protect, rC+}
   (You found it on level 7 of the Dungeon)

   rC+:       It protects you from cold.
Armour
 c - a +0 buckler (worn)
 t - a +0 hat (worn)
 A - the +0 ring mail of Optimism (worn) {Str+5 Dex-5}
   (You found it on level 4 of the Dungeon)

   Str+5:     It affects your strength (+5).
   Dex-5:     It affects your dexterity (-5).
 I - a +2 cloak (worn)
Jewellery
 f - a +6 ring of dexterity (left hand)
 h - a +4 ring of protection (right hand)
 l - a ring of flight
 m - an amulet of regeneration (around neck)
 B - a ring of poison resistance
 K - an amulet of faith
Talismans
 M - the serpent talisman "Veig" {rC+ Str-2 Dex+5}
   (You found it on level 9 of the Dungeon)

   [serpent talisman]

   Str-2:     It affects your strength (-2).
   Dex+5:     It affects your dexterity (+5).
   rC+:       It protects you from cold.
Wands
 q - a wand of digging (13)
 C - a wand of charming (7)
 F - a wand of quicksilver (12)
Scrolls
 b - a scroll of identify
 e - a scroll of silence {unknown}
 j - 2 scrolls of teleportation
 k - 4 scrolls of fear
 x - 3 scrolls of revelation {unknown}
 y - 3 scrolls of immolation {unknown}
 z - a scroll of poison {unknown}
 D - 7 scrolls of enchant armour
 E - 3 scrolls of noise {unknown}
 J - a scroll of amnesia {unknown}
 L - a scroll of fog {unknown}
 N - a scroll of acquirement {unknown}
Potions
 n - a potion of lignification
 o - 5 potions of brilliance
 p - 4 potions of heal wounds
 s - 7 potions of curing
 u - 3 potions of magic
 v - a potion of mutation {unknown}
 w - a potion of invisibility {unknown}
 G - 2 potions of berserk rage {unknown}
 O - a potion of haste


   Skills:
 * Level 11.8 Fighting
 + Level 8.2 Axes
 + Level 8.4 Armour
 - Level 5.0 Shields


You had 10 spell levels left.
You didn't know any spells.
Your spell library contained the following spells:

 Spells                   Type           Power      Damage    Failure   Level
 Sting                    Tmut/Pois      0%         1d3       54%         1
 Summon Small Mammal      Summ           0%         N/A       54%         1
 Poisonous Vapours        Pois/Air       0%         N/A       67%         2
 Static Discharge         Conj/Air       0%         3-3/arc   67%         2
 Call Canine Familiar     Summ           0%         N/A       88%         3
 Summon Guardian Golem    Hex/Summ       0%         N/A       88%         3
 Tukima's Dance           Hex            0%         N/A       88%         3
 Airstrike                Air            0%         2d(0-16)  99%         4
 Anguish                  Hex/Necr       0%         N/A       99%         4
 Cause Fear               Hex            0%         N/A       99%         4
 Dimensional Bullseye     Hex/Tloc       0%         N/A       99%         4
 Iskenderun's Mystic Bla  Conj/Tloc      0%         2d3       99%         4
 Olgreb's Toxic Radiance  Pois           0%         N/A       99%         4
 Summon Lightning Spire   Summ/Air       0%         N/A       99%         4
 Enfeeble                 Hex            0%         N/A       100%        7


Dungeon Overview and Level Annotations

Branches:
Dungeon (10/15)            Temple (1/1) D:5           Sewer (visited)
   Lair: D:8-11         Orc: D:9-12

Altars:
Ashenzari
Cheibriados
Dithmenos
Fedhas
Gozag
Hepliaklqana
Kikubaaqudgha
Makhleb
Nemelex Xobeh
Okawaru
Qazlal
Ru
Sif Muna
Trog
Uskayaw
Vehumet
Wu Jian
Xom
Yredelemnul

Shops:
D:9 !


Innate Abilities, Weirdness & Mutations

You have hoof-like feet.
You are mostly covered in thin metallic scales. (AC +3)
You may rarely emit foul miasma when damaged in melee.


Message History

The hornet stings you.
* * * LOW HITPOINT WARNING * * *
You are poisoned.
You suddenly lose the ability to move!
You can move again.
You feel very sick. The hornet attacks as it pursues you!
The hornet barely misses you.
The howler monkey hoots and howls with incredible vigour!
You block the hornet's attack.
Aiming: Charm
Press: ? - help, Shift-Dir - straight line, f/p - hornet
Aim: a hornet (moderately wounded, chance to affect: 39%)
Okay, then.
Aiming: Quicksilver Bolt
Press: ? - help, Shift-Dir - straight line, f/p - hornet
Aim: a hornet (moderately wounded, 57% to hit)
The bolt of dispelling energy hits the hornet!
The hornet is heavily wounded.
The bolt of dispelling energy misses the two-headed ogre.
The bolt of dispelling energy hits the kobold brigand!
You kill the kobold brigand!
Makhleb accepts your kill.
You feel better.
The bolt of dispelling energy hits the yak!
The yak is lightly wounded.
You feel very sick. The hornet closely misses you.
You feel very mighty all of a sudden.
You feel sick. The hornet closely misses you.
You slice the two-headed ogre!! You kick the two-headed ogre!
The two-headed ogre is almost dead.
You feel sick.
The two-headed ogre hits you with a +0 giant club!
* * * LOW HITPOINT WARNING * * *
The two-headed ogre barely misses you.
You slice the two-headed ogre!!
You kill the two-headed ogre!
Makhleb accepts your kill.
You feel sick. The hornet stings you!
You die...

#.###########...#+#.....
#.# #...#.#..... #.#
#########...#.#..... #.#
#≈≈≈≈≈≈≈#...#.#..... #.#
#≈#######..##.#..... #.#
#≈#........##.#..... ###
#≈#.#####...........
#≈#.#≈≈≈#...........
#S#@#≈###...........
#≈#y#≈# #...........
####V#####..####.....
#..Y9..........#.....
#....o...............
#........###########.
#.....)..# ≈≈≈≈≈# #.
#........# ###### #.
#.........###########.


You could see a sea snake, a yak, a hornet, a vampire, an orc warrior and a
gargoyle.

Vanquished Creatures
  4 two-headed ogres
  A kobold demonologist (D:9)
  2 shadows
  8 yaks
  A wraith (D:10)
  3 wyverns (D:8)
  Grum (D:10)
  A vampire mosquito (D:10)
  3 water moccasins
  An acid dragon (D:10)
  2 sky beasts (D:7)
  2 orc warriors
  2 ice beasts
  2 black bears
  2 ogres
  3 centaurs
  3 wolves (D:10)
  A phantom (D:4)
  8 kobold brigands
  A bullfrog (D:5)
  A scorpion (D:5)
  2 gnoll sergeants
  11 wights (D:8)
  2 howler monkeys (D:7)
  A jelly (D:6)
  6 hounds
  5 orc priests
  3 iguanas
  2 sleepcaps
  3 orc wizards
  Robin (D:3)
  16 gnolls
  4 adders
  2 white imps
  2 worms
  3 dart slugs
  23 orcs
  7 endoplasms
  5 giant cockroaches
  10 goblins
  10 hobgoblins
  5 jackals
  A quokka (D:1)
  8 ball pythons
  7 frilled lizards
  38 kobolds
  5 rats
234 creatures vanquished.

Vanquished Creatures (collateral kills)
  A wight (D:8)
1 creature vanquished.

Vanquished Creatures (others)
  A kobold brigand (D:10)
1 creature vanquished.

Grand Total: 236 creatures vanquished

Notes
Turn   | Place    | Note
-------+----------+-------------------------------------------
     0 | D:1      | BritishOli the Demonspawn Fighter began the quest for the
                  | Orb.
     0 | D:1      | Reached XP level 1. HP: 18/18 MP: 1/1
    86 | D:1      | Gained mutation: You have large cloven feet. [demonic
                  | ancestry]
    86 | D:1      | Reached XP level 2. HP: 21/24 MP: 2/2
   122 | D:1      | Found a faded altar of an unknown god.
   677 | D:2      | Gained mutation: You are partially covered in thin metallic
                  | scales. (AC +2) [demonic ancestry]
   677 | D:2      | Reached XP level 3. HP: 21/29 MP: 3/3
  1766 | D:3      | You fall into a shaft and drop 3 floors!
  1809 | D:6      | Reached XP level 4. HP: 35/35 MP: 4/4
  1816 | D:5      | Entered Level 5 of the Dungeon
  1839 | D:5      | Found a staircase to the Ecumenical Temple.
  1850 | Temple   | Entered the Ecumenical Temple
  1863 | D:5      | Noticed a bullfrog
  1869 | D:5      | Killed a bullfrog
  1870 | D:5      | Reached XP level 5. HP: 41/42 MP: 5/5
  1880 | D:4      | Noticed an ogre
  1886 | D:4      | Killed an ogre
  1887 | D:4      | Reached skill level 4 in Fighting
  1932 | D:3      | Noticed Robin
  1960 | D:3      | Killed Robin
  2035 | D:3      | Found a glowing drain.
  2040 | Sewer    | Entered a sewer
  2064 | Sewer    | Gained mutation: You may rarely emit foul miasma when
                  | damaged in melee. [demonic ancestry]
  2064 | Sewer    | Reached XP level 6. HP: 48/48 MP: 6/6
  2247 | Sewer    | Gained mutation: You have hoof-like feet. [demonic
                  | ancestry]
  2247 | Sewer    | Reached XP level 7. HP: 38/55 MP: 7/7
  2476 | D:3      | Found a sparkling altar of Nemelex Xobeh.
  2690 | D:4      | Reached skill level 5 in Fighting
  2836 | D:4      | Identified the +0 ring mail of Optimism {Str+5 Dex-5}
  3650 | D:5      | Found a burning altar of Makhleb.
  3650 | D:5      | Noticed an Executioner
  3780 | D:5      | Reached skill level 5 in Armour
  3780 | D:5      | Reached skill level 5 in Shields
  3780 | D:5      | Gained mutation: You are mostly covered in thin metallic
                  | scales. (AC +3) [demonic ancestry]
  3780 | D:5      | Reached XP level 8. HP: 63/63 MP: 8/8
  3892 | D:5      | Noticed a hellwing
  3894 | D:5      | Became a worshipper of Makhleb the Destroyer
  4141 | D:6      | Reached skill level 6 in Fighting
  4369 | D:6      | Reached skill level 5 in Axes
  4786 | D:6      | Reached skill level 7 in Fighting
  4865 | D:6      | Found a shadowy altar of Dithmenos.
  5411 | D:7      | Reached XP level 9. HP: 72/72 MP: 9/9
  5510 | D:7      | Reached skill level 8 in Fighting
  5525 | D:7      | Identified the +3 dagger of the Nine Scars {protect, rC+}
  6084 | D:8      | Reached * piety under Makhleb
  6115 | D:8      | Reached skill level 9 in Fighting
  6285 | D:8      | Reached XP level 10. HP: 41/82 MP: 10/10
  6365 | D:8      | Noticed a two-headed ogre
  6375 | D:8      | Killed a two-headed ogre
  6376 | D:8      | Reached skill level 10 in Fighting
  6598 | D:8      | Reached ** piety under Makhleb
  7036 | D:9      | Identified the serpent talisman "Veig" {rC+ Str-2 Dex+5}
  7095 | D:9      | Found a radiant altar of Vehumet.
  7369 | D:9      | Found Macsetzi's Distillery.
  7377 | D:9      | Bought a potion of haste for 150 gold pieces
  7377 | D:9      | Bought a potion of curing for 45 gold pieces
  7597 | D:10     | Entered Level 10 of the Dungeon
  7609 | D:10     | Found a stormy altar of Qazlal.
  7610 | D:10     | Noticed a two-headed ogre
  7612 | D:10     | Noticed a two-headed ogre
  7620 | D:10     | Killed a two-headed ogre
  7621 | D:10     | Reached skill level 11 in Fighting
  7736 | D:10     | Killed a two-headed ogre
  7737 | D:10     | Reached XP level 11. HP: 36/93 MP: 11/11
  7968 | D:10     | Noticed a sea snake
  7983 | D:10     | Noticed Grum
  8001 | D:10     | Killed Grum
  8162 | D:10     | Noticed a two-headed ogre
  8163 | D:10     | Found a shimmering altar of Xom.
  8182 | D:10     | Paralysed by a hornet for 1 turns
  8187 | D:10     | Killed a two-headed ogre
  8187 | D:10     | Slain by a hornet

Illustrated notes

Levels and vault maps discovered:
D:1:      scummos_arrival_forest, layout_basic, ebering_ecumenical_altar_mist,
          nicolae_the_louvre
D:2:      mumra_celtic_spiral_tile, layout_basic
D:3:      layout_rooms, nemelex_dance_club_becter,
          mainiacjoe_sewer_entry_somewhere_in_here_2, dk_noncrumbling_2,
          uniq_robin
D:4:      layout_basic, chequers_serial_rivers_small_a, minmay_crossroads
D:5:      layout_basic, makhleb_altar_promises_db, minmay_temple_entry_tees,
          serial_bayou_crossing
D:6:      layout_layer_cave, mainiacjoe_overflow_surrounded_room
D:7:      layout_basic, mrwooster_statue_mirror
D:8:      layout_loops_ring, grunt_ministairs_13
D:9:      layout_long_grid, nicolae_vehumet_altar_sigil, serial_shops, shop
D:10:     layout_basic, xom_confusion_cloud,
          mainiacjoe_overflow_concentric_impassable, serial_aquarium,
          aquarium_bridge_straight [aquarium_subvault_bridge,
          aquarium_subvault_window, aquarium_subvault_bridge,
          aquarium_subvault_balcony], aquarium_bridge_square
          [aquarium_subvault_bridge, aquarium_subvault_wall,
          aquarium_subvault_wall, aquarium_subvault_bridge],
          aquarium_window_corner, aquarium_window_2, aquarium_window_1,
          aquarium_view_2c, aquarium_view_2c, uniq_grum
Temple:   compressed_dpeg_triangle_lava_temple

Skill      XL: |  1  2  3  4  5  6  7  8  9 10 |
---------------+-------------------------------+-----
Axes           | 2 3 4 5 6 8 |  8.2
Shields        | 3 4 5 |  5.0
Armour         | 3 4 5 6 7 8 |  8.4
Fighting       | 4 5 7 9 11 | 11.8

Action                     |  1- 3 |  4- 6 |  7- 9 | 10-12 || total
---------------------------+-------+-------+-------+-------++-------
  Melee: War axe           |    87 |    91 |   328 |   167 ||   673
         Kick              |    16 |    19 |   106 |    59 ||   200
  Evoke: Wand              |       |       |     5 |     2 ||     7
    Use: Scroll            |       |     4 |       |     7 ||    11
         Potion            |       |       |       |     1 ||     1
 Armour: Scale mail        |    77 |    72 |    25 |       ||   174
         Ring mail         |       |       |   271 |   191 ||   462
  Dodge: Dodged            |    35 |    45 |   174 |   110 ||   364
  Block: Buckler           |    26 |    29 |    79 |    58 ||   192

Table legend: (Time is in decaauts)
 A = Elapsed time spent in this place.
 B = Non-inter-level travel time spent in this place.
 C = Inter-level travel time spent in this place.
 D = Time resting spent in this place.
 E = Time spent auto-exploring this place.
 F = Levels seen in this place.
 G = Mean time per level.
                   A        B        C        D        E       F      G
               +--------+--------+--------+--------+--------+-----+--------+
         Total |   8429 |   7858 |    571 |    180 |   6001 |  12 |  702.4 |
       Dungeon |   8138 |   7567 |    571 |    180 |   5834 |  10 |  813.8 |
        Temple |      1 |      1 |      0 |      0 |      0 |   1 |    1.0 |
         Sewer |    289 |    289 |      0 |      0 |    167 |   1 |  289.0 |
               +--------+--------+--------+--------+--------+-----+--------+

Top non-repeatable levels by time:
     D:6: 1343 daAuts
     D:8: 1002 daAuts
     D:2: 988 daAuts
     D:5: 873 daAuts
     D:4: 732 daAuts
     D:7: 709 daAuts
     D:1: 683 daAuts
     D:9: 610 daAuts
    D:10: 599 daAuts
     D:3: 594 daAuts
   Sewer: 289 daAuts
  Temple: 1 daAuts
